Map: Ловец снов РВ

Players

IIIIIIIIIIII - Winner!

  • Race: Zerg Zerg
  • Spawn Location: 5:00

DarkSCV

  • Race: Zerg Zerg
  • League: Diamond
  • Spawn Location: 11:00

VOD

Have the link to the VOD?

Description

DarkSCV maphacking player.

Time

  • Played on: Oct. 1, 2018, 7:35 p.m.
  • Length: 5:01
Show
View Real Time Build Order
Export as new Build Order

IIIIIIIIIIII Zerg - Winner!

Build Orders: Pool First 

Get SALT Encoding   

  12  0:00  Drone  
  13  0:12  Overlord  
  13  0:17  Drone  
  14  0:31  Drone x2  
  14  0:34  Drone  
  17  0:37  Extractor  
  16  0:45  Drone  
  17  0:50  Spawning Pool  
  17  0:55  Drone  
  17  1:16  Hatchery  
  16  1:20  Drone  
  16  1:23  Drone  
  18  1:32  Drone  
  19  1:38  Queen  
  21  1:43  Zergling x2  
  22  1:50  Metabolic Boost  
  22  1:55  Overlord  
  22  2:13  Roach Warren  
  22  2:15  Drone  
  22  2:25  Overlord  
  22  2:31  Overlord  
  22  2:58  Roach x7  
  36  3:01  Zergling x2  
  37  3:08  Zergling x2  
  38  3:17  Zergling x2  
  38  3:18  Zergling x2  
  38  3:19  Zergling x6  
  43  3:22  Zergling x2  
  44  3:31  Zergling x4  
  46  3:36  Overlord  
  46  3:50  Zergling x4  
  46  3:51  Zergling x4  
  46  3:53  Zergling x2  
  47  4:04  Zergling x2  
  47  4:05  Zergling x4  
  47  4:07  Ravager  
  46  4:12  Zergling x2  
  46  4:16  Ravager  
  46  4:17  Ravager  
  46  4:21  Ravager  
  45  4:25  Zergling x6  
  45  4:29  Zergling x2  
  45  4:30  Zergling x4  
Show
View Real Time Build Order
Export as new Build Order

DarkSCV Zerg 

Build Orders: Pool First 

Get SALT Encoding   

  12  0:01  Drone  
  13  0:08  Drone  
  14  0:20  Overlord  
  14  0:27  Drone, Extractor  
  14  0:29  Drone, Extractor  
  16  0:43  Drone  
  17  0:51  Drone, Spawning Pool  
  17  1:11  Hatchery  
  17  1:16  Drone  
  17  1:17  Drone  
  18  1:20  Drone  
  18  1:23  Extractor  
  18  1:27  Drone  
  19  1:37  Overlord  
  19  1:42  Queen  
  21  1:59  Zergling x2  
  21  2:01  Zergling x2  
  23  2:07  Spine Crawler  
  22  2:10  Drone  
  23  2:23  Queen  
  23  2:24  Zergling x4  
  27  2:40  Drone  
  28  2:45  Drone x2  
  28  2:48  Drone  
  31  2:58  Queen  
  33  3:08  Drone x2  
  33  3:09  Hatchery  
  34  3:13  Overlord  
  34  3:18  Metabolic Boost  
  34  3:23  Drone  
  34  3:25  Drone  
  36  3:33  Spine Crawler  
  35  3:36  Zergling x4  
  35  3:38  Zergling x2  
  37  3:41  Zergling x2  
  37  3:43  Zergling x2  
  37  3:45  Zergling x2  
  40  3:53  Drone x2  
  40  3:55  Overlord  
  41  4:07  Zergling x2  
  41  4:08  Zergling x6  
  33  4:18  Zergling x2  
  21  4:41  Zergling x4  
  23  4:46  Spine Crawler  
  23  4:47  Spine Crawler  
Tags
 
Add a new tag
Caveats
  • Supply blocks, unpowered buildings, or Contaminate may cause inaccurate times.
  • Supply counts are checked every 10 seconds.